 Dungeon Crawl Stone Soup version 0.28-a0-1206-g193881aaa2 (webtiles) character file.

Game seed: 1949251664284991815

741 Zonian the Charlatan (level 7, -16/53 HPs)
             Began as a Gnoll Wanderer on Dec 21, 2021.
             Was an Initiate of Yredelemnul.
             Demolished by an ogre (19 damage)
             ... on level 5 of the Dungeon.
             The game lasted 00:10:31 (6863 turns).

Zonian the Charlatan (Gnoll Wanderer)               Turns: 6863, Time: 00:10:32

Health: -16/53     AC:  6    Str: 13    XL:     7   Next: 75%
Magic:  11/11      EV: 13    Int:  7    God:    Yredelemnul [......]
Gold:   197        SH:  0    Dex: 16    Spells: 10/11 levels left

rFire   . . .      SeeInvis .   o - +2 scythe (vorpal)
rCold   . . .      Faith    .   (shield currently unavailable)
rNeg    . . .      Spirit   .   d - +0 ring mail
rPois   .          Reflect  .   (no helmet)
rElec   .          Harm     .   (no cloak)
rCorr   .          Rampage  .   (no gloves)
Will    .....                   (no boots)
Stlth   ++........              (no amulet)
HPRegen 0.17/turn               (no ring)
MPRegen 0.12/turn               (no ring)

@: no status effects
A: fangs 1, strong nose, distributed training
a: Renounce Religion, Recall Undead Harvest


You were on level 5 of the Dungeon.
You worshipped Yredelemnul.
Yredelemnul was noncommittal.
You visited 1 branch of the dungeon, and saw 5 of its levels.

You collected 197 gold pieces.

Inventory:

Hand Weapons
 a - a +3 hunting sling
 h - a +0 hand axe
 o - a +2 vorpal scythe (weapon)
Missiles
 b - 17 sling bullets
 f - 69 stones (quivered)
 j - 5 boomerangs
 q - 14 poisoned darts
Armour
 d - a +0 ring mail (worn)
Wands
 n - a wand of polymorph (10)
Scrolls
 c - 2 scrolls of vulnerability
 i - 2 scrolls of noise
 l - a scroll of immolation
Potions
 e - a potion of degeneration
 g - a potion of curing
 k - 2 potions of magic
 m - 2 potions of cancellation
 p - a potion of resistance {unknown}


   Skills:
 + Level 3.8 Fighting
 + Level 2.7 Short Blades
 + Level 2.7 Long Blades
 + Level 2.7 Axes
 + Level 2.7 Maces & Flails
 + Level 2.7 Polearms
 + Level 2.7 Staves
 + Level 5.3 Slings
 + Level 2.7 Bows
 + Level 2.7 Crossbows
 + Level 2.7 Throwing
 + Level 5.3 Armour
 + Level 5.3 Dodging
 + Level 2.7 Stealth
 + Level 2.7 Shields
 + Level 3.8 Unarmed Combat
 + Level 2.7 Spellcasting
 + Level 2.2 Conjurations
 + Level 2.2 Hexes
 + Level 2.2 Summonings
 + Level 2.2 Necromancy
 + Level 2.2 Translocations
 + Level 2.2 Transmutations
 + Level 2.2 Fire Magic
 + Level 2.2 Ice Magic
 + Level 2.2 Air Magic
 + Level 2.2 Earth Magic
 + Level 2.2 Poison Magic
 + Level 3.0 Invocations
 + Level 5.3 Evocations


You had 10 spell levels left.
You knew the following spells:

 Your Spells              Type           Power      Damage    Failure   Level
a - Beastly Appendage     Tmut           8%         N/A       28%         1

Your spell library contained the following spells:

 Spells                   Type           Power      Damage    Failure   Level
 Corpse Rot               Necr/Air       8%         N/A       41%         2
 Ensorcelled Hibernation  Hex/Ice        8%         N/A       41%         2
 Wereblood                Tmut           4%         N/A       41%         2
 Spider Form              Tmut/Pois      4%         N/A       65%         3
 Dispel Undead            Necr           4%         3d7       96%         4
 Death Channel            Necr           Unusable   N/A       N/A         6

Dungeon Overview and Level Annotations

Branches:
Dungeon (5/15)
 Temple: D:4-7

Altars:
Yredelemnul


Innate Abilities, Weirdness & Mutations

You have very sharp teeth.
Your uncanny sense of smell can sniff out nearby items.
Your experience applies equally to all skills.


Message History

There is a fountain of sparkling water here.
You swap places.
An ogre and a zombie come into view.
The ogre shouts!
There are monsters nearby!
Unknown command.
You reach to attack!
You slash the howler monkey zombie!
The howler monkey zombie is severely damaged.
The howler monkey zombie closely misses you.
You hit the howler monkey zombie.
The howler monkey zombie is almost destroyed.
The howler monkey zombie hits you.
The howler monkey zombie hits you but does no damage.
You slash the howler monkey zombie!
You destroy the howler monkey zombie!
Your gnoll zombie barely misses the ogre.
The ogre barely misses you.
Your gnoll zombie hits the ogre.
Unknown command.
You hit the ogre.
The ogre is lightly wounded.
The ogre hits you with a +0 giant club!!
Your gnoll zombie hits the ogre.
You are too injured to fight recklessly!
You are too injured to fight recklessly!
Unknown command.
You barely miss the ogre.
The ogre is lightly wounded.
The ogre hits you with a +0 giant club!!
* * * LOW HITPOINT WARNING * * *
Your gnoll zombie barely misses the ogre.
Your gnoll zombie hits the ogre.
Okay, then.
Casting: Beastly Appendage (safe; 28% risk of failure)
Confirm with . or Enter, or press ? or * to list all spells.
Okay, then.
Okay, then.
Okay, then.
The ogre hits you with a +0 giant club!!
You die...
Your body rises from the dead as a mindless zombie.

....##.♣.###.⌠.##.#
#...####.#.###.####
#...#.###.#.#.###.#
#..# ⌠.###.⌠.###.⌠
##.. #.###.###.#
#.# ##.#.###.#
#.##.♣Z###.⌠
#..##.###.#.#
#.#..#ZO@..#
#......###...#
###...## ### ##.##
... ###. #. #. #O


You could see an ogre (ally target) and a friendly gnoll zombie.

Vanquished Creatures
  Sigmund (D:2)
  A phantom (D:5)
  A scorpion (D:5)
  A water moccasin skeleton (D:4)
  2 centaur zombies
  2 orc priests
  A bullfrog skeleton (D:4)
  An iguana (D:4)
  A howler monkey zombie (D:5)
  A gnoll (D:5)
  2 adders
  A river rat (D:3)
  An adder skeleton (D:4)
  2 dart slugs (D:3)
  A worm (D:2)
  8 orcs
  4 endoplasms
  9 giant cockroaches
  8 hobgoblins
  7 jackals
  3 quokkas
  12 ball pythons
  8 bats
  3 frilled lizards
  12 goblins
  10 kobolds
  5 rats
108 creatures vanquished.

Vanquished Creatures (collateral kills)
  An orc wizard (D:3)
  2 gnolls (D:5)
  An adder (D:3)
  A giant cockroach (D:4)
  A hobgoblin (D:4)
  A rat (D:3)
7 creatures vanquished.

Vanquished Creatures (others)
  A scorpion zombie (D:5)
  A bat zombie (D:3)
  A gnoll zombie (D:5)
  A ball python zombie (D:3)
  A frilled lizard zombie (D:3)
  A giant cockroach zombie (D:3)
  3 goblin zombies (D:3)
  A kobold zombie (D:3)
  4 orc zombies (D:4)
  A quokka zombie (D:3)
  A rat zombie (D:3)
16 creatures vanquished.

Grand Total: 131 creatures vanquished

Notes
Turn   | Place    | Note
-------+----------+-------------------------------------------
     0 | D:1      | Zonian the Gnoll Wanderer began the quest for the Orb.
     0 | D:1      | Zonian set off with the following items: a +2 hunting
                  | sling, 21 sling bullets, a scroll of vulnerability, a +0
                  | ring mail
     0 | D:1      | Reached XP level 1. HP: 17/17 MP: 1/1
   190 | D:1      | Reached XP level 2. HP: 23/23 MP: 2/2
   494 | D:1      | Reached XP level 3. HP: 26/28 MP: 3/3
  1137 | D:2      | Reached skill level 1 in Invocations
  1139 | D:2      | Noticed Sigmund
  1839 | D:2      | Reached skill level 1 in Short Blades
  1839 | D:2      | Reached skill level 1 in Long Blades
  1839 | D:2      | Reached skill level 1 in Axes
  1839 | D:2      | Reached skill level 1 in Maces & Flails
  1839 | D:2      | Reached skill level 1 in Polearms
  1839 | D:2      | Reached skill level 1 in Staves
  1839 | D:2      | Reached skill level 1 in Bows
  1839 | D:2      | Reached skill level 1 in Crossbows
  1839 | D:2      | Reached skill level 1 in Throwing
  1839 | D:2      | Reached skill level 1 in Stealth
  1839 | D:2      | Reached skill level 1 in Shields
  1839 | D:2      | Reached skill level 1 in Spellcasting
  1842 | D:2      | Reached XP level 4. HP: 19/34 MP: 5/5
  2236 | D:2      | Killed Sigmund
  2237 | D:2      | Reached skill level 1 in Conjurations
  2237 | D:2      | Reached skill level 1 in Hexes
  2237 | D:2      | Reached skill level 1 in Summonings
  2237 | D:2      | Reached skill level 1 in Necromancy
  2237 | D:2      | Reached skill level 1 in Translocations
  2237 | D:2      | Reached skill level 1 in Transmutations
  2237 | D:2      | Reached skill level 1 in Fire Magic
  2237 | D:2      | Reached skill level 1 in Ice Magic
  2237 | D:2      | Reached skill level 1 in Air Magic
  2237 | D:2      | Reached skill level 1 in Earth Magic
  2237 | D:2      | Reached skill level 1 in Poison Magic
  2237 | D:2      | Reached XP level 5. HP: 6/41 MP: 5/7
  2249 | D:2      | Reached XP level 6. HP: 16/47 MP: 6/8
  2858 | D:2      | You fall into a shaft and drop 2 floors!
  2888 | D:4      | Found a basalt altar of Yredelemnul.
  2950 | D:4      | Became a worshipper of Yredelemnul the Dark
  2986 | D:3      | Found a faded altar of an unknown god.
  3901 | D:3      | Reached * piety under Yredelemnul
  3917 | D:3      | Reached skill level 5 in Slings
  3917 | D:3      | Reached skill level 5 in Armour
  3917 | D:3      | Reached skill level 5 in Dodging
  3917 | D:3      | Reached skill level 5 in Evocations
  5059 | D:3      | Reached ** piety under Yredelemnul
  5561 | D:4      | Reached XP level 7. HP: 50/52 MP: 10/10
  6176 | D:4      | Learned a level 1 spell: Beastly Appendage
  6434 | D:5      | Entered Level 5 of the Dungeon
  6863 | D:5      | Demolished by an ogre

Illustrated notes

Levels and vault maps discovered:
D:1:      matt_arrival_debris, layout_basic
D:2:      layout_loops_ring, skrybe_limestone_x, uniq_sigmund
D:3:      layout_basic, hellmonk_ecumenical_altar_run_dry, portal_sewer_entry_b
D:4:      layout_cave_pods, marbit_many_paths, solitary_fountain,
          grunt_ministairs_10
D:5:      layout_loops_corners, mainiacjoe_overflow_boulevard,
          beargit_hepliaklqana_dungeon_heroes, minmay_temple_entry_purple_smoke,
          grunt_decor_mini_mirrors

Skill      XL: |  1  2  3  4  5  6  7 |
---------------+----------------------+-----
Invocations    | 1 2 3 |  3.0
Short Blades   | 1 2 |  2.7
Long Blades    | 1 2 |  2.7
Axes           | 1 2 |  2.7
Maces & Flails | 1 2 |  2.7
Polearms       | 1 2 |  2.7
Staves         | 1 2 |  2.7
Bows           | 1 2 |  2.7
Crossbows      | 1 2 |  2.7
Throwing       | 1 2 |  2.7
Stealth        | 1 2 |  2.7
Shields        | 1 2 |  2.7
Spellcasting   | 1 2 |  2.7
Fighting       | 3 |  3.8
Unarmed Combat | 3 |  3.8
Conjurations   | 1 2 |  2.2
Hexes          | 1 2 |  2.2
Summonings     | 1 2 |  2.2
Necromancy     | 1 2 |  2.2
Translocations | 1 2 |  2.2
Transmutations | 1 2 |  2.2
Fire Magic     | 1 2 |  2.2
Ice Magic      | 1 2 |  2.2
Air Magic      | 1 2 |  2.2
Earth Magic    | 1 2 |  2.2
Poison Magic   | 1 2 |  2.2
Slings         | 5 |  5.3
Armour         | 5 |  5.3
Dodging        | 5 |  5.3
Evocations     | 5 |  5.3

Action                   |  1- 3 |  4- 6 |  7- 9 || total
-------------------------+-------+-------+-------++-------
Melee: Hand axe          |    80 |   169 |       ||   249
       Bite              |     8 |    24 |     1 ||    33
       Punch             |       |     5 |       ||     5
       Scythe            |       |     4 |    54 ||    58
 Fire: Hunting sling     |    60 |    24 |       ||    84
Throw: Stone             |     2 |       |       ||     2
  Use: Scroll            |     6 |     5 |       ||    11
       Potion            |     1 |     1 |       ||     2
 Stab: Sleeping          |       |     2 |     2 ||     4
       Distracted        |       |     1 |       ||     1
Armor: Ring mail         |    58 |    71 |    19 ||   148
Dodge: Dodged            |    80 |   139 |    50 ||   269

Table legend: (Time is in decaauts)
 A = Elapsed time spent in this place.
 B = Non-inter-level travel time spent in this place.
 C = Inter-level travel time spent in this place.
 D = Time resting spent in this place.
 E = Time spent auto-exploring this place.
 F = Levels seen in this place.
 G = Mean time per level.
                   A        B        C        D        E       F      G
               +--------+--------+--------+--------+--------+-----+--------+
         Total |   7224 |   6871 |    353 |   1930 |   3722 |   5 | 1444.8 |
       Dungeon |   7224 |   6871 |    353 |   1930 |   3722 |   5 | 1444.8 |
               +--------+--------+--------+--------+--------+-----+--------+

Top non-repeatable levels by time:
     D:2: 2259 daAuts
     D:3: 1806 daAuts
     D:4: 1498 daAuts
     D:1: 1205 daAuts
     D:5: 453 daAuts
